 Dungeon Crawl Stone Soup version 0.31.0 (webtiles) character file.

Game seed: 1228367678266001308

177 Arctor the Shooter (level 5, -2/31 HPs)
             Began as a Kobold Hexslinger on Jan 20, 2024.
             Killed from afar by an orc wizard (7 damage)
             ... with a puff of flame
             ... on level 6 of the Dungeon.
             The game lasted 00:02:53 (2943 turns).

Arctor the Shooter (Kobold Hexslinger)              Turns: 2943, Time: 00:02:54

Health: -2/31      AC:  2    Str: 10    XL:     5   Next: 87%
Magic:  8/8        EV: 16    Int: 17    God:
Gold:   204        SH:  0    Dex: 19    Spells: 0/8 levels left

rFire   . . .        a - +1 sling (drain)
rCold   x . .        (no shield)
rNeg    . . .        n - +0 robe of the Three Artisans {rC- Str+5 Int+2}
rPois   .            (no helmet)
rElec   .            (no cloak)
rCorr   .            (no gloves)
SInv    .            (no boots)
Will    .....        (no amulet)
Stlth   +++          (no ring)
HPRegen 0.25/turn    (no ring)
MPRegen 0.11/turn

%: no passive effects
@: no status effects
A: small, no large weapons, nightstalker 3
a: no special abilities


You were on level 6 of the Dungeon.
You visited 1 branch of the dungeon, and saw 6 of its levels.

You collected 204 gold pieces.

Inventory:

Hand Weapons
 a - a +1 sling of draining (weapon)
Armour
 c - a +0 robe
 n - the +0 robe of the Three Artisans (worn) {rC- Str+5 Int+2}
   (You found it on level 3 of the Dungeon)

   Str+5:     It affects your strength (+5).
   Int+2:     It affects your intelligence (+2).
   rC-:       It makes you vulnerable to cold.
Wands
 g - a wand of light (13)
Scrolls
 b - a scroll of poison
 e - a scroll of teleportation
 o - a scroll of torment {unknown}
 p - a scroll of fear {unknown}
 r - a scroll of enchant weapon {unknown}
Potions
 f - 3 potions of magic {unknown}
 h - 2 potions of curing {unknown}
 j - a potion of brilliance {unknown}
 l - a potion of cancellation {unknown}
 q - a potion of degeneration {unknown}
 s - a potion of berserk rage {unknown}


   Skills:
 + Level 2.5 Fighting
 + Level 4.0 Ranged Weapons
 + Level 3.4 Dodging
 + Level 2.4 Spellcasting
 + Level 3.8 Hexes
 - Level 1.6 Fire Magic


You couldn't memorise any spells.
You knew the following spells:

 Your Spells              Type           Power      Damage    Failure   Level
a - Jinxbite              Hex            30%        N/A       6%          2
b - Passwall              Erth           2%         N/A       50%         3
c - Inner Flame           Hex/Fire       11%        N/A       19%         3

Your spell library contained the following spells:

 Spells                   Type           Power      Damage    Failure   Level
 Sigil of Binding         Hex            15%        N/A       12%         3
 Sandblast                Erth           4%         2d4       19%         1
 Cause Fear               Hex            7%         N/A       36%         4
 Stone Arrow              Conj/Erth      4%         3d7       50%         3
 Dimensional Bullseye     Hex/Tloc       4%         N/A       63%         4
 Brom's Barrelling Bould  Conj/Erth      2%         2d3       88%         4


Dungeon Overview and Level Annotations

Branches:
Dungeon (7/15)
 Temple: D:4-7

Altars:
Dithmenos
Fedhas
Nemelex Xobeh
Ru

Shops:
D:1 [


Innate Abilities, Weirdness & Mutations

You are small and have problems with some larger weapons.
You are completely attuned to the shadows.


Message History

The gnoll attacks as it pursues you!
The gnoll hits you from afar with a +0 spear!
The gnoll attacks as it pursues you! The gnoll completely misses you.
The gnoll barely misses you. The orc misses you.
A gnoll comes into view. It is wielding a +0 club.
You shoot a sling bullet. The sling bullet hits the gnoll.
You drain the gnoll.
The gnoll is heavily wounded.
The gnoll barely misses you. The orc misses you.
The gnoll bouda barks out a call to the hunt!
The gnoll picks up the pace!
The gnoll misses you.
An orc comes into view. It is wielding a +0 dagger.
The orc shouts!
The orc attacks as it pursues you! The orc closely misses you.
The gnoll closely misses you.
You see here a scroll of identify.
An orc wizard comes into view. It is wielding a +0 dagger.
The orc wizard shouts! x2
The orc hits you with a +0 dagger.
The orc wizard attacks as it pursues you!
The orc wizard hits you with a +0 dagger.
The orc wizard gestures at you while chanting.
The puff of flame hits you. The orc attacks as it pursues you!
The orc hits you with a +0 dagger.
The orc wizard gestures at you while chanting.
The puff of flame hits you.
* * * LOW HITPOINT WARNING * * *
There is a stone staircase leading up here.
The gnoll hits you with a +0 whip.
* * * LOW HITPOINT WARNING * * *
The orc wizard hits you but does no damage.
You climb upwards.
Found 5 stones and 14 gold pieces.
There is a stone staircase leading down here.
Blink to where?
Press: ? - help, Dir - move target
As you read the scroll of blinking, it crumbles to dust.
The orc wizard points at you and mumbles some strange words.
The puff of flame hits you!
You die...

.........
...5s...$
#........
##...ยง....
#(...o.l..^
#..........
#........#
##.o##..#
##..@.#
####....
###.


You could see an iguana (asleep) and an orc wizard.

Vanquished Creatures
  An orc priest (D:4)
  4 adders
  5 dart slugs
  14 orcs
  7 endoplasms
  2 giant cockroaches (D:3)
  8 goblins
  5 hobgoblins
  4 jackals (D:3)
  A quokka (D:1)
  10 ball pythons
  3 bats
  2 frilled lizards
  11 kobolds
  6 rats
83 creatures vanquished.

Notes
Turn   | Place    | Note
-------+----------+-------------------------------------------
     0 | D:1      | Arctor the Kobold Hexslinger began the quest for the Orb.
     0 | D:1      | Reached XP level 1. HP: 12/12 MP: 2/2
   112 | D:1      | Reached XP level 2. HP: 16/16 MP: 3/3
   206 | D:1      | Reached skill level 3 in Ranged Weapons
   305 | D:1      | Found Iraedd's Antique Armour Emporium.
   458 | D:1      | Reached XP level 3. HP: 20/20 MP: 5/5
   478 | D:1      | Found a faded altar of an unknown god.
  1134 | D:2      | Reached XP level 4. HP: 25/26 MP: 6/6
  1418 | D:2      | Learned a level 2 spell: Jinxbite
  1422 | D:2      | Learned a level 3 spell: Passwall
  1698 | D:3      | Reached XP level 5. HP: 29/30 MP: 8/8
  1817 | D:3      | Identified the +0 robe of the Three Artisans {rC- Str+5
                  | Int+2}
  2169 | D:3      | Found a shadowy altar of Dithmenos.
  2491 | D:3      | Found a sacrificial altar of Ru.
  2503 | D:3      | Found a blossoming altar of Fedhas.
  2511 | D:3      | Found a sparkling altar of Nemelex Xobeh.
  2814 | D:4      | Reached skill level 4 in Ranged Weapons
  2824 | D:4      | Learned a level 3 spell: Inner Flame
  2872 | D:4      | You fall into a shaft and drop 3 floors!
  2943 | D:6      | Killed from afar by an orc wizard

Illustrated notes

Levels and vault maps discovered:
D:1:      psy_arrival_radial01, layout_rooms, serial_shops, shop,
          shapermc_ecumenical_altar_acropolis
D:2:      layout_loops_ring, serial_forest, infiniplex_forest_end_2,
          infiniplex_forest_lined_corner, infiniplex_forest_lined_corner,
          infiniplex_forest_straight_4, infiniplex_forest_straight_4,
          infiniplex_forest_pool
D:3:      layout_loops_ring, lemuel_doored_altar,
          minmay_overflow_temple_star_quad, minmay_misc_feat_tiny,
          guppyfry_early_orc_mine
D:4:      layout_basic, kennysheep_mini, nzn_hepliaklqana_mist_gate,
          gammafunk_ghost_necromancy, minmay_misc_feat_alley,
          kennysheep_generic_room_9, uniq_pikel
D:6:      layout_basic, amcnicky_altar_gilded,
          minmay_temple_entry_drinking_statues, st_stairs_5, kennysheep_dice,
          uniq_prince_ribbit1, uniq_maggie
D:7:      layout_cave_pools, lemuel_tele_altar, kennysheep_mini_moat,
          nicolae_elevator_lobby_asterisk, uniq_duvessa

Skill      XL: |  1  2  3  4  5 |
---------------+----------------+-----
Ranged Weapons | 3 4 |  4.0
Fighting       | 2 |  2.5
Dodging        | 3 |  3.4
Spellcasting   | 2 |  2.4
Hexes          | |  3.8
Fire Magic     | |  1.6

Action                     |  1- 3 |  4- 6 || total
---------------------------+-------+-------++-------
   Fire: Sling             |    85 |   109 ||   194
   Cast: Jinxbite          |       |     3 ||     3
    Use: Scroll            |       |     6 ||     6
 Armour: Robe              |    10 |    38 ||    48
  Dodge: Dodged            |    19 |    65 ||    84
